 Dungeon Crawl Stone Soup version 0.30-b1-2-g02819fbbbe (webtiles) character file.

Game seed: 5169722497488296006

800 funkygono the Chopper (level 7, -2/62 HPs)
             Began as a Minotaur Fighter on July 21, 2023.
             Was an Initiate of Okawaru.
             Succumbed to a hornet's poison
             ... on level 6 of the Dungeon.
             The game lasted 00:10:11 (4826 turns).

funkygono the Chopper (Minotaur Fighter)            Turns: 4826, Time: 00:10:12

Health: -2/62      AC: 12    Str: 22    XL:     7   Next: 59%
Magic:  6/6        EV:  6    Int:  5    God:    Okawaru [......]
Gold:   401        SH:  4    Dex: 10    Spells: 6/6 levels left

rFire   . . .        a - +0 war axe
rCold   + . .        c - +0 buckler
rNeg    . . .        w - +0 plate armour
rPois   .            (helmet unavailable)
rElec   .            (no cloak)
rCorr   +            (no gloves)
SInv    .            (no boots)
Will    .....        (no amulet) Stlth
                     k - ring of resist corrosion
HPRegen 0.30/turn    i - ring of protection from cold
MPRegen 0.10/turn

%: no passive effects
@: lethally poisoned (-2 -> -16), slowed, very slow
A: horns 3, retaliatory headbutt, high MP 1, wild magic 1
a: Renounce Religion


You were on level 6 of the Dungeon.
You worshipped Okawaru.
Okawaru was noncommittal.
You visited 2 branches of the dungeon, and saw 7 of its levels.

You collected 401 gold pieces.

Inventory:

Hand Weapons
 a - a +0 war axe (weapon)
Missiles
 e - 29 stones (quivered)
 n - 8 poisoned darts
 t - 11 boomerangs
Armour
 c - a +0 buckler (worn)
 w - a +0 plate armour (worn)
Jewellery
 i - a ring of protection from cold (right hand)
 k - a ring of resist corrosion (left hand)
Scrolls
 f - 4 scrolls of identify {unknown}
 h - 2 scrolls of blinking {unknown}
 m - 2 scrolls of silence {unknown}
 o - 2 scrolls of magic mapping {unknown}
 q - a scroll of amnesia {unknown}
 r - a scroll of brand weapon {unknown}
 s - a scroll of vulnerability {unknown}
 u - a scroll of teleportation {unknown}
 x - a scroll of immolation {unknown}
Potions
 b - 2 potions of mutation
 d - 4 potions of might
 g - a potion of cancellation {unknown}
 j - 5 potions of curing
 l - a potion of flight {unknown}
 p - 2 potions of brilliance {unknown}
 v - 2 potions of heal wounds


   Skills:
 + Level 5.9 Fighting
 + Level 6.9 Axes
 + Level 1.6 Throwing
 + Level 6.1 Armour
 + Level 1.1 Dodging
 + Level 0.2 Stealth
 + Level 4.4 Shields


You had 6 spell levels left.
You didn't know any spells.
Your spell library contained the following spells:

 Spells                   Type           Power      Damage    Failure   Level
 Apportation              Tloc           0%         N/A       100%        1
 Alistair's Intoxication  Tmut/Pois      0%         N/A       100%        5


Dungeon Overview and Level Annotations

Branches:
Dungeon (6/15)             Temple (1/1) D:5

Altars:
Ashenzari
Cheibriados
Elyvilon
Fedhas
Gozag
Makhleb
Okawaru
Sif Muna
Trog
Vehumet
Wu Jian
Xom
Yredelemnul
The Shining One

Shops:
D:2 (

Annotations:
D:4 2 runed translucent doors, PeterLawrence's ghost, amateur MiFi
D:5 2 transporters, zielscheibe's ghost, novice VSTm


Innate Abilities, Weirdness & Mutations

You have a pair of large horns on your head.
You reflexively headbutt those who attack you in melee.
You have an increased reservoir of magic. (+10% MP)
Your spells are a little harder to cast, but a little more powerful.


Message History

The hornet is severely wounded.
You block the hornet's attack.
You miss the hornet.
The hornet is severely wounded.
You closely miss the orc. The hornet stings you!
You are poisoned.
You feel yourself slow down. You block the hornet's attack.
The orc hits you but does no damage.
You barely miss the hornet.
The hornet is severely wounded.
You hit the orc.
You feel very sick. The hornet stings you.
You are more poisoned.
You feel as though you will be slow longer.
The orc closely misses you. You furiously retaliate!
You headbutt the orc!
You kill the orc!
Okawaru accepts your kill.
The hornet stings you but does no damage.
You block the hornet's attack.
You barely miss the hornet. You headbutt the hornet!
The hornet is almost dead.
You feel extremely sick. The hornet stings you!
You suddenly lose the ability to move!
The hornet stings you!
You feel as though you will be slow longer.
You feel very sick. The hornet stings you!
* * * LOW HITPOINT WARNING * * *
You are more poisoned.
You feel as though you will be slow longer.
The hornet stings you but does no damage.
* * * LOW HITPOINT WARNING * * *
You feel very sick.
The hornet stings you but does no damage.
You can move again.
You slash the hornet!
You kill the hornet!
Okawaru is honoured by your kill.
You die...

........#......'......#
........#.....###....##
........#########....#
........#............#
........#............#
###.....#............#
#>....########.....#
#.....# #.....# #....@#
####### #...).# #.....#
#.....# #.....#####
#.........#####
#......#.......
###......#### #
#......####.##


There were no monsters in sight!

Vanquished Creatures
  A hornet (D:6)
  Menkaure (D:4)
  2 ice beasts (D:5)
  A bullfrog (D:4)
  2 hounds
  An orc priest (D:3)
  A jelly (D:3)
  A gnoll bouda (D:5)
  3 iguanas
  9 gnolls
  2 adders
  An ufetubus (D:5)
  A worm (D:4)
  A dart slug (D:1)
  10 orcs
  11 endoplasms
  2 giant cockroaches (D:4)
  3 goblins
  13 hobgoblins
  8 jackals
  4 kobolds
  A quokka (D:4)
  6 ball pythons
  7 bats
  3 frilled lizards
  2 rats (D:3)
97 creatures vanquished.

Notes
Turn   | Place    | Note
-------+----------+-------------------------------------------
     0 | D:1      | funkygono the Minotaur Fighter began the quest for the Orb.
     0 | D:1      | Reached XP level 1. HP: 19/19 MP: 0/0
   162 | D:1      | Found a faded altar of an unknown god.
   195 | D:1      | Reached XP level 2. HP: 24/27 MP: 1/1
   338 | D:1      | You fall into a shaft and drop 1 floor!
   531 | D:1      | Reached XP level 3. HP: 33/33 MP: 2/2
   815 | D:2      | Found Idisutz's Antique Weapon Emporium.
   818 | D:2      | Found a glowing golden altar of the Shining One.
  1572 | D:3      | Reached XP level 4. HP: 28/41 MP: 3/3
  2093 | D:4      | Found a large runed translucent door.
  2093 | D:4      | Found a large runed translucent door.
  2173 | D:3      | Reached XP level 5. HP: 36/47 MP: 4/4
  2254 | D:4      | Noticed PeterLawrence's ghost (amateur MiFi)
  2356 | D:4      | Noticed Menkaure
  2366 | D:4      | Gained mutation: You have a pair of large horns on your
                  | head. [potion of mutation]
  2366 | D:4      | Gained mutation: You have an increased reservoir of magic.
                  | (+10% MP) [potion of mutation]
  2366 | D:4      | Gained mutation: Your spells are a little harder to cast,
                  | but a little more powerful. [potion of mutation]
  2372 | D:4      | Killed Menkaure
  2373 | D:4      | Reached skill level 5 in Axes
  2373 | D:4      | Reached skill level 5 in Armour
  2373 | D:4      | Reached XP level 6. HP: 8/53 MP: 5/5
  2599 | D:4      | Reached skill level 1 in Dodging
  2602 | D:4      | Found a snail-covered altar of Cheibriados.
  3210 | D:4      | Found an ancient bone altar of Kikubaaqudgha.
  3212 | D:4      | Found a shimmering blue altar of Sif Muna.
  3212 | D:4      | Found a sparkling altar of Nemelex Xobeh.
  3215 | D:4      | Found an ancient bone altar of Kikubaaqudgha.
  3215 | D:4      | Found a white marble altar of Elyvilon.
  3215 | D:4      | Found a shimmering altar of Xom.
  3285 | D:5      | Entered Level 5 of the Dungeon
  3292 | D:5      | Reached skill level 1 in Throwing
  3302 | D:5      | Reached skill level 5 in Fighting
  3315 | D:4      | Reached XP level 7. HP: 16/61 MP: 6/6
  3836 | D:5      | Found a staircase to the Ecumenical Temple.
  3838 | D:5      | Found a transporter.
  3840 | D:5      | Found a transporter.
  3843 | Temple   | Entered the Ecumenical Temple
  4034 | D:5      | Noticed zielscheibe's ghost (novice VSTm)
  4281 | D:5      | Found an opulent altar of Gozag.
  4641 | D:5      | Found an iron altar of Okawaru.
  4644 | D:5      | Became a worshipper of Warmaster Okawaru
  4806 | D:6      | Noticed a hornet
  4823 | D:6      | Paralysed by a hornet for 3 turns
  4825 | D:6      | HP: 3/62 [poisoned by a hornet]
  4826 | D:6      | Killed a hornet
  4826 | D:6      | Succumbed to a hornet's poison

Illustrated notes

Levels and vault maps discovered:
D:1:      onia_arrival_pyramid, layout_basic, ebering_ecumenical_altar_box,
          corexii_leaking_fountain
D:2:      layout_basic, serial_shops, nicolae_shop_tiny_glass, basic_altar,
          roderic_lattice_a, kennysheep_minor_cross, kennysheep_generic_room_7
D:3:      layout_basic, kennysheep_generic_room_16
D:4:      layout_gridville, mainiacjoe_overflow_surrounded_room,
          doesnt_xom_only_xom, ebering_ghost_disaster_area, uniq_menkaure
D:5:      layout_loops_ring, kennysheep_mini_moat,
          nicolae_gozag_cash_rules_everything_around_me,
          minmay_temple_entry_trees, gammafunk_ghost_hive, minmay_crystal_water,
          grunt_ministairs_10, grunt_decor_cap, minivault_25
D:6:      layout_gridville, mainiacjoe_overflow_24_doors,
          general_overflow_altar, minmay_diced_spiral
Temple:   chequers_temple_sunken

Skill      XL: |  1  2  3  4  5  6  7 |
---------------+----------------------+-----
Fighting       | 4 5 |  5.9
Armour         | 4 5 6 |  6.1
Axes           | 3 4 5 6 |  6.9
Shields        | 4 |  4.4
Dodging        | 1 |  1.1
Throwing       | 1 |  1.6
Stealth        | |  0.2

Action                     |  1- 3 |  4- 6 |  7- 9 || total
---------------------------+-------+-------+-------++-------
  Melee: War axe           |    79 |    95 |    45 ||   219
         Headbutt          |    16 |    10 |     8 ||    34
  Throw: Stone             |     1 |    26 |    20 ||    47
    Use: Potion            |       |     3 |       ||     3
 Armour: Scale mail        |     9 |       |       ||     9
         Chain mail        |    31 |    35 |       ||    66
         Plate armour      |       |    17 |    27 ||    44
  Dodge: Dodged            |    38 |    46 |    15 ||    99
  Block: Buckler           |    19 |    14 |    12 ||    45
